AoeStats
← cfosorioq

Arena

508134331Analyzed
4v4 RM · 11d ago on Sep 21, 2026· 29m 58s· 8 players
Game mode
Random Map
Map size
Large (8 player)
Population
200
Speed
Normal
Resources
Standard
Victory
Conquest
Starting age
Dark Age
Ending age
Imperial Age
RankedLock teamsTeams togetherTeam positionsShared explorationLock speedFull tech treeHidden civsTurbo modeCheats
Victory
Defeat
🇨🇴 Lithuanians · Colombia
1110
+13
🇨🇴 Turks · Colombia
1103
+13
🇨🇴 Persians · Colombia
1086
+13
🇨🇴 Mongols · Colombia
901
+21
🇧🇷 Wu · Brazil
1048
-16
🇨🇱 Bulgarians · Chile
1034
-15
🇺🇸 Sicilians · United States
1024
-15
🇨🇦 Hindustanis · Canada
1003
-14
Prince of Hell
11:22 Feudal Age
15:06 Castle Age
12:56 Double-Bit Axe
16:01 Bow Saw
15:38 Horse Collar
16:51 Loom
24:48 Wheelbarrow
24:34 Scale Mail Armor
26:22 Chain Mail Armor
26:19 Forging
27:12 Hand Cart
31:22 Imperial Age
29:34 Iron Casting
29:08 Fletching
29:15 Murder Holes
29:31 Masonry
jalouis79
11:05 Feudal Age
15:13 Castle Age
13:19 Double-Bit Axe
13:34 Horse Collar
19:31 Gold Mining
21:08 Wheelbarrow
21:58 Stone Mining
22:46 Bow Saw
23:01 Loom
23:58 Heavy Plow
24:29 Scale Barding Armor
24:37 Bloodlines
25:07 Forging
25:51 Husbandry
27:38 Gold Shaft Mining
28:03 Iron Casting
28:50 Chain Barding Armor
29:06 Fletching
Chaves
9:18 Loom
12:05 Feudal Age
12:33 Double-Bit Axe
12:31 Horse Collar
13:32 Wheelbarrow
16:50 Town Watch
21:51 Castle Age
20:23 Padded Archer Armor
24:44 Fletching
27:05 Bow Saw
Player.R
11:29 Feudal Age
16:56 Double-Bit Axe
20:39 Castle Age
19:36 Gold Mining
19:37 Stone Mining
19:59 Stone Mining
19:57 Horse Collar
20:33 Loom
21:26 Wheelbarrow
21:23 Pikeman
25:00 Scale Barding Armor
24:58 Elite Skirmisher
27:18 Thumb Ring
cfosorioq
10:40 Feudal Age
12:54 Loom
15:49 Castle Age
15:44 Double-Bit Axe
17:39 Forging
20:52 Bow Saw
22:46 Iron Casting
23:28 Bloodlines
26:32 Scale Barding Armor
26:31 Husbandry
27:41 Chain Barding Armor
27:08 Horse Collar
27:22 Gold Mining
ojrguio
10:52 Feudal Age
15:15 Castle Age
13:07 Double-Bit Axe
13:06 Horse Collar
14:01 Loom
15:53 Wheelbarrow
23:13 Town Watch
29:14 Imperial Age
30:22 Conscription
caaruizma
12:08 Feudal Age
13:11 Double-Bit Axe
16:07 Castle Age
21:14 Imperial Age
21:50 Horse Collar
23:26 Wheelbarrow
daternera
8:58 Loom
11:18 Feudal Age
15:37 Double-Bit Axe
21:18 Castle Age
19:04 Horse Collar
20:33 Gold Mining
20:37 Stone Mining
23:54 Stone Shaft Mining
23:57 Gold Shaft Mining
28:42 Bow Saw
29:14 Padded Archer Armor
Connection lost

Rejoining the realm…

Still unreachable

The connection could not be restored.

Session expired

The server has moved on; the page needs a fresh start.